Map: Cerulean Fall LE

Players

Semper - Winner!

  • Race: Terran Terran
  • Spawn Location: 7:00

GogojOey

  • Race: Zerg Zerg
  • Spawn Location: 1:00

Event: WCS Montreal 2018

VOD

Have the link to the VOD?

Description

Time

  • Played on: Sept. 7, 2018, 1:19 p.m.
  • Length: 8:53

All games in this series

Show
View Real Time Build Order
Export as new Build Order

Semper Terran - Winner!

Build Orders: Hellion Opening, Reaper Expand, MMM Bio 

Get SALT Encoding   

  12  0:00  SCV  
  13  0:13  SCV  
  14  0:17  Supply Depot  
  14  0:25  SCV  
  15  0:39  SCV  
  15  0:40  Barracks  
  16  0:44  Refinery  
  16  0:51  SCV  
  17  1:03  SCV  
  18  1:15  SCV  
  19  1:27  Orbital Command  
  19  1:28  Reaper  
  20  1:42  Command Center  
  20  1:53  SCV  
  20  1:54  Supply Depot  
  21  2:00  Marine  
  22  2:06  SCV  
  23  2:10  Factory  
  23  2:16  Refinery  
  23  2:18  SCV  
  23  2:22  Barracks Reactor  
  24  2:30  SCV  
  25  2:43  SCV  
  26  2:55  SCV, Starport  
  26  2:56  Orbital Command  
  27  3:02  Hellion x2  
  31  3:07  SCV  
  31  3:09  Barracks Tech Lab  
  32  3:19  SCV  
  33  3:22  SCV  
  33  3:23  Hellion x2  
  33  3:24  Supply Depot  
  38  3:31  SCV  
  39  3:38  SCV  
  39  3:44  Raven  
  39  3:48  Hellion x2  
  45  3:52  Supply Depot  
  45  3:54  SCV x2  
  47  4:00  Barracks Tech Lab  
  47  4:06  SCV x2  
  49  4:15  Command Center  
  49  4:18  SCV, Marine  
  49  4:19  Stimpack, Supply Depot  
  49  4:22  SCV  
  52  4:30  SCV  
  53  4:32  Raven  
  53  4:37  SCV  
  53  4:38  Marine  
  56  4:41  Factory Reactor  
  56  4:43  Barracks  
  56  4:44  Barracks  
  57  4:46  SCV  
  57  4:52  SCV  
  59  4:54  Engineering Bay  
  59  4:55  Engineering Bay  
  59  4:56  Marine  
  59  4:58  Refinery  
  59  4:59  Refinery  
  60  5:01  SCV  
  60  5:04  SCV  
  60  5:06  Supply Depot  
  62  5:14  SCV, Marine  
  64  5:16  SCV  
  65  5:26  SCV  
  66  5:30  Terran Infantry Armor Level 1, Terran Infantry Weapons Level 1  
  66  5:31  SCV, Marine  
  66  5:32  Orbital Command  
  66  5:34  Supply Depot  
  66  5:35  Starport Reactor, Marine x2  
  68  5:41  Siege Tank  
  68  5:42  SCV  
  74  5:49  Marine x3  
  77  5:51  Orbital Command  
  77  5:52  SCV  
  77  5:54  SCV  
  77  5:56  Marine x2  
  81  6:04  SCV, Supply Depot x2  
  81  6:07  Marine x3  
  81  6:09  SCV  
  86  6:13  Siege Tank  
  86  6:17  Marine  
  86  6:27  Marine  
  86  6:28  Marine x3  
  86  6:29  Medivac x2  
  86  6:31  SCV  
  95  6:36  Combat Shields  
  95  6:37  SCV  
  95  6:39  Barracks  
  97  6:40  SCV  
  97  6:42  Barracks  
  97  6:43  SCV  
  97  6:44  Marine  
  97  6:45  Marine  
  92  6:51  Siege Tank  
  92  6:53  SCV  
  96  6:55  Marine x3  
  96  7:00  Medivac x2  
  104  7:01  SCV, Marine  
  104  7:03  SCV  
  104  7:06  SCV  
  107  7:11  Supply Depot x3  
  107  7:13  SCV  
  107  7:15  Armory, Marine x3  
  109  7:16  SCV  
  109  7:21  SCV  
  113  7:23  Factory, Refinery  
  113  7:24  Refinery  
  113  7:26  SCV  
  113  7:28  Siege Tank  
  117  7:32  Marine  
  117  7:36  Bunker  
  116  7:38  Supply Depot  
  116  7:42  Marine  
  116  7:43  Marauder, Marine x3, Supply Depot  
  116  7:44  Marine, Supply Depot  
  123  7:56  Marine  
  119  8:00  Marine x2, Siege Tank  
  119  8:01  Marine  
  119  8:04  Marauder  
  117  8:08  Marine  
  117  8:10  Marine  
  117  8:12  Factory Tech Lab  
  110  8:14  Marine  
  110  8:16  SCV x2  
  110  8:17  SCV  
  110  8:18  Marine x2  
  110  8:19  Marine  
  117  8:21  Supply Depot  
  117  8:22  Supply Depot  
  117  8:26  Marauder  
  115  8:28  SCV  
  115  8:29  SCV x2  
  124  8:40  Barracks Reactor, Barracks Tech Lab  
Show
View Real Time Build Order
Export as new Build Order

GogojOey Zerg 

Build Orders: Hatch First 

Get SALT Encoding   

  12  0:00  Drone  
  13  0:13  Overlord  
  13  0:17  Drone  
  14  0:31  Drone x2  
  14  0:35  Drone  
  17  0:53  Hatchery  
  17  0:55  Drone  
  17  0:58  Drone  
  18  1:09  Extractor  
  17  1:13  Spawning Pool  
  17  1:16  Drone  
  17  1:19  Drone  
  18  1:29  Drone  
  19  1:39  Overlord  
  19  1:50  Drone  
  20  2:00  Queen  
  20  2:01  Zergling x2  
  23  2:04  Queen  
  23  2:05  Zergling x2  
  26  2:09  Metabolic Boost  
  26  2:12  Drone  
  27  2:18  Drone  
  27  2:22  Drone  
  29  2:27  Drone  
  30  2:41  Hatchery  
  28  2:45  Drone x2  
  28  2:47  Drone x2  
  32  2:56  Overlord  
  32  2:59  Overlord  
  32  3:14  Queen x2  
  32  3:18  Drone x4  
  40  3:20  Drone  
  40  3:24  Drone x2  
  43  3:27  Drone  
  43  3:31  Overlord  
  44  3:41  Overlord  
  44  3:44  Overlord  
  44  3:50  Zergling x4  
  44  3:52  Lair  
  44  3:54  Drone x3  
  49  4:00  Extractor  
  49  4:01  Extractor  
  47  4:03  Drone  
  47  4:04  Zergling x4  
  50  4:11  Roach Warren  
  50  4:13  Queen  
  51  4:17  Drone, Spore Crawler  
  51  4:18  Overlord  
  51  4:19  Drone  
  51  4:22  Zergling x2  
  51  4:23  Zergling x2  
  55  4:24  Drone  
  55  4:27  Drone x2  
  55  4:28  Drone  
  58  4:33  Drone x3  
  58  4:36  Drone  
  62  4:40  Drone x2  
  64  4:46  Evolution Chamber  
  64  4:49  Evolution Chamber  
  64  4:52  Drone x4  
  65  4:56  Overlord  
  65  4:59  Glial Reconstitution  
  65  5:04  Drone x2  
  65  5:05  Drone x2  
  65  5:06  Drone  
  70  5:09  Drone x2  
  70  5:10  Drone  
  72  5:15  Zerg Ground Armor Level 1  
  72  5:21  Drone x2  
  73  5:24  Drone x3  
  73  5:25  Drone x2  
  76  5:29  Drone  
  76  5:31  Drone x2  
  76  5:34  Drone x3  
  76  5:35  Drone  
  83  5:36  Extractor  
  83  5:38  Zerg Missile Weapons Level 1  
  83  5:41  Extractor  
  81  5:45  Extractor, Drone x2  
  81  5:46  Drone  
  83  5:53  Drone x3  
  85  5:58  Overlord  
  85  6:00  Hatchery  
  84  6:05  Overlord  
  84  6:06  Roach x2  
  84  6:07  Roach  
  90  6:13  Overlord x2  
  90  6:16  Roach x2  
  86  6:21  Roach  
  86  6:22  Roach x3  
  86  6:23  Drone x2  
  89  6:28  Drone x3  
  89  6:29  Drone  
  90  6:36  Roach x2  
  90  6:38  Drone x2  
  92  6:41  Roach  
  92  6:45  Drone x2  
  95  6:47  Drone x3  
  95  6:51  Roach x2  
  101  7:02  Ravager  
  101  7:04  Roach x5  
  101  7:07  Ravager x2  
  101  7:08  Ravager, Roach  
  117  7:13  Roach  
  117  7:14  Roach x2  
  123  7:17  Roach x2  
  123  7:21  Overlord x2  
  127  7:25  Overlord  
  127  7:28  Overlord  
  127  7:31  Overlord x2  
  127  7:36  Overlord x2  
  124  7:40  Roach x2  
  124  7:41  Roach x2  
  124  7:42  Ravager  
  124  7:43  Ravager x3  
  124  7:44  Ravager x2  
  138  7:45  Roach  
  138  7:46  Roach  
  138  7:51  Roach x2  
  140  7:59  Roach x5  
  126  8:10  Roach x4  
  126  8:11  Roach x2  
  123  8:16  Roach x3  
  120  8:21  Roach x3  
  120  8:23  Ravager x2  
  120  8:26  Roach x2  
  127  8:27  Drone x2  
  127  8:34  Roach x3  
Tags
 
Add a new tag
Caveats
  • Supply blocks, unpowered buildings, or Contaminate may cause inaccurate times.
  • Supply counts are checked every 10 seconds.